 Dungeon Crawl Stone Soup version 0.25.1-9-gc5326a611f (webtiles) character file.

Game seed: 13393744529227338359

758 pokeman the Thaumaturge (level 7, 0/38 HPs)
             Began as a Deep Elf Wizard on Dec 26, 2020.
             Slain by a gnoll (5 damage)
             ... on level 5 of the Dungeon.
             The game lasted 00:12:44 (5414 turns).

pokeman the Thaumaturge (Deep Elf Wizard)           Turns: 5414, Time: 00:12:45

Health: 0/38       AC:  5    Str:  4    XL:     7   Next: 50%
Magic:  5/20       EV:  6    Int: 31    God:
Gold:   141        SH:  0    Dex: 13    Spells: 11/22 levels left

rFire    . . .     SeeInvis .   a - +2 quarterstaff (chaos)
rCold    . . .     Gourm    .   (shield currently unavailable)
rNeg     . . .     Faith    .   u - +0 leather armour
rPois    .         Spirit   .   b - +0 hat
rElec    .         Reflect  .   v - +0 cloak {MR+}
rCorr    .         Harm     .   g - +0 pair of gloves
MR       +....                  (no boots)
Stlth    ++........             (no amulet)
HPRegen  0.12/turn              C - +6 ring of intelligence
MPRegen  0.17/turn              (no ring)

@: held
A: no striking features
a: no special abilities


You were on level 5 of the Dungeon.
You were very hungry.

You visited 1 branch of the dungeon, and saw 5 of its levels.
You also visited: Ossuary.

You collected 141 gold pieces.

Inventory:

Hand Weapons
 a - a +2 quarterstaff of chaos (weapon)
Missiles
 f - 40 bolts
 h - 43 arrows
 n - 2 curare-tipped darts (quivered)
Armour
 b - a +0 hat (worn)
 g - a +0 pair of gloves (worn)
 s - a +0 buckler
 u - a +0 leather armour (worn)
 v - a +0 cloak of magic resistance (worn)
 w - a +0 pair of boots
Jewellery
 C - a +6 ring of intelligence (left hand)
Wands
 D - a wand of paralysis (2)
Scrolls
 c - 4 scrolls of remove curse {unknown}
 j - 2 scrolls of teleportation {unknown}
 k - 3 scrolls of identify {unknown}
 l - a scroll of blinking {unknown}
 q - 2 scrolls of fog {unknown}
 y - a scroll of random uselessness {unknown}
Potions
 e - a potion of brilliance {unknown}
 i - 2 potions of heal wounds {unknown}
 m - 4 potions of might {unknown}
 o - a potion of flight {unknown}
 p - 2 potions of resistance {unknown}
 r - 2 potions of berserk rage {unknown}
 t - 2 potions of curing {unknown}
 x - 2 potions of mutation {unknown}
 z - a potion of magic {unknown}
 A - 2 potions of lignification {unknown}
 B - a potion of degeneration {unknown}
Comestibles
 d - 8 rations


   Skills:
 + Level 1.2 Fighting
 - Level 1.1 Armour
 - Level 3.1 Dodging
 - Level 3.0 Stealth
 - Level 1.2 Shields
 * Level 8.2 Spellcasting
 + Level 4.0 Conjurations
 - Level 1.1 Summonings
 - Level 1.1 Translocations
 - Level 1.2 Fire Magic
 - Level 2.0 Air Magic
 - Level 2.0 Poison Magic
 + Level 0.6 Evocations


You had 11 spell levels left.
You knew the following spells:

 Your Spells              Type           Power        Failure   Level  Hunger
a - Magic Dart            Conj           ####         1%          1    None
b - Mephitic Cloud        Conj/Pois/Air  ####....     7%          3    None
c - Call Imp              Summ           ###.....     7%          2    None
d - Blink                 Tloc           N/A          7%          2    None
e - Conjure Flame         Conj/Fire      ####....     7%          3    None

Your spell library contained the following spells:

 Spells                   Type           Power        Failure   Level  Hunger
 Slow                     Hex            ##......     11%         2    None


Dungeon Overview and Level Annotations

Branches:
Dungeon (5/15)            Ossuary (visited)
 Temple: D:4-7

Altars:
Dithmenos
Okawaru
Qazlal
Wu Jian

Annotations:
D:3 Loot behind rock


Message History

Aim: a gnoll (moderately wounded)
The ball explodes into a vile cloud!
The stinking cloud engulfs the gnoll but does no damage.
The gnoll is moderately wounded.
The stinking cloud engulfs the gnoll but does no damage.
You hear an angry hiss.
The gnoll is engulfed in noxious fumes.
The gnoll appears confused.
Unknown command.
Unknown command.
The gnoll is engulfed in noxious fumes.
The gnoll appears confused.
A leopard gecko comes into view.
The gnoll is engulfed in noxious fumes.
The gnoll appears confused.
You tear a large gash into the net.
The leopard gecko hisses angrily.
The gnoll is engulfed in noxious fumes.
The gnoll barely misses the gnoll.
The gnoll hits you with a +0 whip!
* * * LOW HITPOINT WARNING * * *
Unknown command.
You struggle against the net.
The gnoll hits you.
You die...

# #
##.#######.#....
....l°g@<..[#
..=..°g####.#
.#.###. #. #. ##


You could see 2 gnolls and a leopard gecko.

Vanquished Creatures
  A phantom (D:4)
  An ogre (D:4)
  A centaur (D:5)
  A hound (D:4)
  Crazy Yiuf (D:3)
  3 orc priests (D:4)
  3 orc wizards
  Jessica (D:3)
  A worker ant (D:4)
  3 big kobold zombies (Ossuary)
  2 mummies
  A gnoll (D:5)
  4 adders
  A shadow imp (D:5)
  An ooze (D:3)
  2 adder zombies (Ossuary)
  A worm (D:3)
  A dart slug (D:1)
  2 leopard geckos
  8 orcs
  3 giant cockroaches (D:3)
  3 gnoll zombies (Ossuary)
  5 goblins
  8 hobgoblins
  4 jackals (D:2)
  4 kobolds
  3 quokkas (D:3)
  6 bats
  2 frilled lizards
  A goblin zombie (D:4)
  4 hobgoblin zombies
  6 kobold zombies (Ossuary)
  4 orc zombies (Ossuary)
  5 rats
97 creatures vanquished.

Vanquished Creatures (collateral kills)
  A mummy (Ossuary)
1 creature vanquished.

Vanquished Creatures (others)
  An orc zombie (Ossuary)
1 creature vanquished.

Grand Total: 99 creatures vanquished

Notes
Turn   | Place    | Note
-------+----------+-------------------------------------------
     0 | D:1      | pokeman the Deep Elf Wizard began the quest for the Orb.
     0 | D:1      | Reached XP level 1. HP: 10/10 MP: 7/7
   367 | D:1      | Reached XP level 2. HP: 16/16 MP: 5/9
   990 | D:2      | Found an iron altar of Okawaru.
  1064 | D:2      | Reached skill level 5 in Spellcasting
  1064 | D:2      | Reached XP level 3. HP: 20/20 MP: 4/11
  1069 | D:2      | Learned a level 3 spell: Mephitic Cloud
  1072 | D:2      | Learned a level 2 spell: Call Imp
  1075 | D:2      | Learned a level 2 spell: Blink
  1079 | D:2      | Learned a level 3 spell: Conjure Flame
  1291 | D:2      | Reached skill level 1 in Fighting
  1426 | D:2      | Found an ornate altar of the Wu Jian Council.
  1767 | D:3      | Noticed Jessica
  1781 | D:3      | Killed Jessica
  1781 | D:3      | Reached skill level 1 in Armour
  1781 | D:3      | Reached XP level 4. HP: 25/25 MP: 7/13
  2338 | D:3      | Reached skill level 6 in Spellcasting
  2338 | D:3      | Reached XP level 5. HP: 29/29 MP: 5/15
  2479 | D:3      | Found a runed translucent door.
  2480 | D:3      | Noticed Crazy Yiuf
  2661 | D:3      | Found a stormy altar of Qazlal.
  2664 | D:3      | Noticed a fire elemental
  2666 | D:3      | Noticed an air elemental
  2666 | D:3      | Noticed a water elemental
  2859 | D:3      | Killed Crazy Yiuf
  2934 | D:4      | Noticed an ogre
  2944 | D:4      | Killed an ogre
  2944 | D:4      | Reached skill level 1 in Shields
  2944 | D:4      | Reached skill level 1 in Fire Magic
  2947 | D:4      | Reached XP level 6. HP: 34/34 MP: 2/17
  3022 | D:4      | Found a sand-covered staircase.
  3035 | Ossuary  | Entered an ossuary
  3401 | Ossuary  | Reached skill level 7 in Spellcasting
  3573 | Ossuary  | Reached skill level 1 in Poison Magic
  3920 | D:4      | Reached skill level 1 in Air Magic
  4357 | D:3      | Reached XP level 7. HP: 23/38 MP: 10/20
  5069 | D:4      | Found a shadowy altar of Dithmenos.
  5105 | D:4      | Reached skill level 8 in Spellcasting
  5388 | D:5      | Entered Level 5 of the Dungeon
  5414 | D:5      | Slain by a gnoll

Illustrated notes

Levels and vault maps discovered:
D:1:      minmay_arrival_diagonal_passages, layout_loops_ring
D:2:      layout_loops_ring, nicolae_overflow_crystal_walls,
          okawaru_metal_pillars_1_2
D:3:      layout_rooms, nicolae_qazlal_style_of_elements, hex_large,
          st_stairs_6, due_unseen_surprise, uniq_jessica,
          uniq_crazy_yiuf_cottage
D:4:      layout_basic, nicolae_ossuary_entry_giza,
          grunt_dithmenos_smoke_and_mirrors
D:5:      layout_loops_ring, kennysheep_mini_moat, first_ration,
          hangedman_decor_opposing, serial_bayou_pond_c,
          kb_lookout_dungeons_type, goddamned_bats, uniq_edmund

Skill      XL: |  1  2  3  4  5  6  7 |
---------------+----------------------+-----
Spellcasting   | 5 6 7 8 |  8.2
Fighting       | 1 |  1.2
Armour         | 1 |  1.1
Conjurations   | 2 3 4 |  4.0
Dodging        | 3 |  3.1
Shields        | 1 |  1.2
Fire Magic     | 1 |  1.2
Poison Magic   | 1 2 |  2.0
Air Magic      | 1 2 |  2.0
Stealth        | 3 |  3.0
Summonings     | |  1.1
Translocations | |  1.1
Evocations     | |  0.6

Action                   |  1- 3 |  4- 6 |  7- 9 || total
-------------------------+-------+-------+-------++-------
Melee: Dagger            |     9 |    27 |       ||    36
       Quarterstaff      |       |    49 |     7 ||    56
 Cast: Magic Dart        |    67 |   147 |    50 ||   264
       Mephitic Cloud    |       |     6 |     4 ||    10
       Call Imp          |       |     7 |       ||     7
       Conjure Flame     |       |     5 |       ||     5
 Stab: Confused          |       |     3 |     1 ||     4
       Sleeping          |       |     1 |     1 ||     2
  Eat: Chunk             |     2 |     4 |     3 ||     9
       Ration            |       |     1 |       ||     1
Armor: Robe              |     2 |     5 |       ||     7
       Leather armour    |       |    28 |     9 ||    37
Dodge: Dodged            |     7 |    79 |    14 ||   100
